AAA EAST
DURHAM BULLS @ LEHIGH VALLEY IRONPIGS
06/14/2042
 
TOP OF THE 1ST
Durham Bulls batting - Pitching for Lehigh Valley IronPigs : RHP Jon Jones
Pitching: RHP Jon Jones
Batting: RHB Cristián Baudillo 0-0: Ball
1-0: Foul Ball, location: 2F
1-1: Called Strike
1-2: Strikes out swinging
Batting: LHB Jon Moore 0-0: Swinging Strike
0-1: Ground out 6-3 (Groundball, 6, EV 100.0 MPH)
Batting: SHB Walt Howell 0-0: Ball
1-0: Ball
2-0: Swinging Strike
2-1: Swinging Strike
2-2: Ball
3-2: Fly out, F8 (Flyball, 8RD, EV 90.6 MPH)
Top of the 1st over - 0 runs, 0 hits, 0 errors, 0 left on base; Durham 0 - Lehigh Valley 0
BOTTOM OF THE 1ST
Lehigh Valley IronPigs batting - Pitching for Durham Bulls : LHP Alan Ames
Pitching: LHP Alan Ames
Batting: RHB Bo McCall 0-0: Fly out, F9 (Flyball, 89S, EV 86.9 MPH)
Batting: RHB Kawsen Al-Sadat 0-0: Called Strike
0-1: Fly out, F6 (Line Drive, 6, EV 77.5 MPH)
Batting: LHB Don Ross 0-0: Called Strike
0-1: Ball
1-1: Ground out 1-3 (Groundball, 13S, EV 68.1 MPH)
Bottom of the 1st over - 0 runs, 0 hits, 0 errors, 0 left on base; Durham 0 - Lehigh Valley 0
TOP OF THE 2ND
Durham Bulls batting - Pitching for Lehigh Valley IronPigs : RHP Jon Jones
Batting: LHB Heriberto Mellane 0-0: Ball
1-0: Ball
2-0: Foul Ball, location: 2F
2-1: Swinging Strike
2-2: Strikes out swinging
Batting: LHB Ron Johns 0-0: Ball
1-0: Ball
2-0: Fly out, F4 (Popup, 34S, EV 63.8 MPH)
Batting: RHB Chris Adams 0-0: Ground out 5-3 (Groundball, 56S, EV 85.0 MPH)
Top of the 2nd over - 0 runs, 0 hits, 0 errors, 0 left on base; Durham 0 - Lehigh Valley 0
BOTTOM OF THE 2ND
Lehigh Valley IronPigs batting - Pitching for Durham Bulls : LHP Alan Ames
Batting: LHB Pepe González 0-0: Ball
1-0: Called Strike
1-1: Called Strike
1-2: Ground out 6-3 (Groundball, 6, EV 107.5 MPH)
Batting: LHB José Velasco 0-0: Ball
1-0: SINGLE (Flyball, 78S, EV 92.5 MPH)
Batting: RHB José Valdéz 0-0: Ball
1-0: Ball
2-0: Ball
3-0: Called Strike
3-1: Foul Ball, location: 2F
3-2: Strikes out swinging
Batting: LHB Tim Thomas 0-0: Swinging Strike
0-1: Ball
1-1: Called Strike
1-2: Ball
2-2: Ground out 4-3 (Groundball, 4, EV 88.8 MPH)
Bottom of the 2nd over - 0 runs, 1 hit, 0 errors, 1 left on base; Durham 0 - Lehigh Valley 0
TOP OF THE 3RD
Durham Bulls batting - Pitching for Lehigh Valley IronPigs : RHP Jon Jones
Batting: LHB Juan Salas 0-0: Ball
1-0: Swinging Strike
1-1: Ball
2-1: Called Strike
2-2: Foul Ball, location: 3FF
2-2: Ball
3-2: Strikes out swinging
Batting: LHB Don Bailey 0-0: Hit by Pitch
Pinch Runner at 1st Jeremiah Taylor:
Batting: RHB Tony Rincón 0-0: Ball
1-0: Foul Ball, location: 2F
1-1: Called Strike
1-2: Ball
2-2: Fly out, F9 (Flyball, 9LM, EV 101.9 MPH)
Batting: RHB Cristián Baudillo 0-0: Swinging Strike
0-1: Ball
1-1: Ball
2-1: Swinging Strike
2-2: Ball
3-2: Ground out 5-3 (Groundball, 56S, EV 83.1 MPH)
Top of the 3rd over - 0 runs, 0 hits, 0 errors, 1 left on base; Durham 0 - Lehigh Valley 0
BOTTOM OF THE 3RD
Lehigh Valley IronPigs batting - Pitching for Durham Bulls : LHP Alan Ames
Now at 1B: Jeremiah Taylor
Batting: SHB Phil Wagner 0-0: Ball
1-0: Ball
2-0: Ball
3-0: Called Strike
3-1: Ground out U3 (Groundball, 34, EV 103.1 MPH)
Batting: RHB Ben Jamison 0-0: Called Strike
0-1: Foul Ball, location: 2F
0-2: Ball
1-2: Ball
2-2: Foul Ball, location: 2F
2-2: Strikes out looking
Batting: RHB Bo McCall 0-0: Ball
1-0: Ball
2-0: Ball
3-0: Called Strike
3-1: Called Strike
3-2: Foul Ball, location: 3FF
3-2: Fly out, F7 (Line Drive, 7, EV 100.6 MPH)
Bottom of the 3rd over - 0 runs, 0 hits, 0 errors, 0 left on base; Durham 0 - Lehigh Valley 0
TOP OF THE 4TH
Durham Bulls batting - Pitching for Lehigh Valley IronPigs : RHP Jon Jones
Batting: LHB Jon Moore 0-0: Ball
1-0: Foul Ball, location: 23F
1-1: Foul Ball, location: 7LSF
1-2: Ball
2-2: Foul Ball, location: 3F
2-2: Ball
3-2: Foul Ball, location: 2F
3-2: Foul Ball, location: 2F
3-2: Foul Ball, location: 2F
3-2: Fly out, F8 (Flyball, 8LS, EV 95.0 MPH)
Batting: SHB Walt Howell 0-0: Ball
1-0: Ball
2-0: Ground out 6-3 (Groundball, 6, EV 86.9 MPH)
Batting: LHB Heriberto Mellane 0-0: Ball
1-0: Called Strike
1-1: Ball
2-1: Ball
3-1: Base on Balls
Batting: LHB Ron Johns 0-0: Ball
1-0: Swinging Strike
1-1: Called Strike
1-2: Strikes out swinging
Top of the 4th over - 0 runs, 0 hits, 0 errors, 1 left on base; Durham 0 - Lehigh Valley 0
BOTTOM OF THE 4TH
Lehigh Valley IronPigs batting - Pitching for Durham Bulls : LHP Alan Ames
Batting: RHB Kawsen Al-Sadat 0-0: DOUBLE (Flyball, 78D, EV 95.6 MPH)
Batting: LHB Don Ross 0-0: Ball
Kawsen Al-Sadat is caught stealing 3rd base 2-5
1-0: Foul Ball, location: 2F
1-1: Ball
2-1: Swinging Strike
2-2: Foul Ball, location: 9LMF
2-2: Foul Ball, location: 7LSF
2-2: Fly out, F7 (Line Drive, 78M, EV 91.9 MPH)
Batting: LHB Pepe González 0-0: Swinging Strike
0-1: Foul Ball, location: 5F
0-2: Strikes out swinging
Bottom of the 4th over - 0 runs, 1 hit, 0 errors, 0 left on base; Durham 0 - Lehigh Valley 0
TOP OF THE 5TH
Durham Bulls batting - Pitching for Lehigh Valley IronPigs : RHP Jon Jones
Batting: RHB Chris Adams 0-0: Ball
1-0: Called Strike
1-1: Ground out 6-3 (Groundball, 6, EV 86.9 MPH)
Batting: LHB Juan Salas 0-0: Called Strike
0-1: Swinging Strike
0-2: Ball
1-2: Strikes out swinging
Batting: SHB Jeremiah Taylor 0-0: Ball
1-0: Called Strike
1-1: Ball
2-1: Foul Ball, location: 2F
2-2: Foul Ball, location: 5FF
2-2: SINGLE (Groundball, 6MD, EV 102.5 MPH)
Batting: RHB Tony Rincón 0-0: Foul Ball, location: 2F
0-1: Ball
1-1: DOUBLE (Line Drive, 89D, EV 106.9 MPH)
Jeremiah Taylor to third
Runner from 3rd tries for Home, throw by RF and OUT! 9-4-2
Top of the 5th over - 0 runs, 2 hits, 0 errors, 1 left on base; Durham 0 - Lehigh Valley 0
BOTTOM OF THE 5TH
Lehigh Valley IronPigs batting - Pitching for Durham Bulls : LHP Alan Ames
Batting: LHB José Velasco 0-0: Called Strike
0-1: Fly out, F8 (Flyball, 78XD, EV 91.3 MPH)
Batting: RHB José Valdéz 0-0: Swinging Strike
0-1: Foul Ball, location: 7LMF
0-2: Ball
1-2: Ball
2-2: Strikes out swinging
Batting: LHB Tim Thomas 0-0: SINGLE (Groundball, 23, EV 65.0 MPH) (infield hit)
Batting: SHB Phil Wagner 0-0: Foul Ball, location: 5FF
0-1: Called Strike
0-2: SINGLE (Line Drive, 89S, EV 90.0 MPH)
Tim Thomas to second
Runner from 2nd tries for 3rd, SAFE, throw by RF made to third
Batting: RHB Ben Jamison 0-0: Ball
1-0: Ball
2-0: Fly out, F9 (Flyball, 89S, EV 90.0 MPH)
Bottom of the 5th over - 0 runs, 2 hits, 0 errors, 2 left on base; Durham 0 - Lehigh Valley 0
TOP OF THE 6TH
Durham Bulls batting - Pitching for Lehigh Valley IronPigs : RHP Jon Jones
Batting: RHB Cristián Baudillo 0-0: Called Strike
0-1: Ball
1-1: Ball
2-1: Ball
3-1: Base on Balls
Batting: LHB Jon Moore 0-0: Sac Bunt to 5S - play at first, batter OUT! 5-3
Cristián Baudillo to second
Batting: SHB Walt Howell 0-0: Foul Ball, location: 3SF
0-1: Called Strike
0-2: Foul Ball, location: 5SF
0-2: Ball
1-2: Foul Ball, location: 9LDF
1-2: Fly out, F8 (Flyball, 8RM, EV 96.9 MPH)
Batting: LHB Heriberto Mellane 0-0: Ball
1-0: Swinging Strike
1-1: Foul Ball, location: 5DF
1-2: TRIPLE (Flyball, 78XD, EV 110.0 MPH)
Cristián Baudillo scores
Batting: LHB Ron Johns 0-0: Ball
1-0: Called Strike
1-1: Ball
2-1: 2-RUN HOME RUN (Flyball, 9D, EV 95.6 MPH), Distance : 385 ft
Batting: RHB Chris Adams 0-0: Foul Ball, location: 2F
0-1: Fly out, F9 (Flyball, 9, EV 93.1 MPH)
Top of the 6th over - 3 runs, 2 hits, 0 errors, 0 left on base; Durham 3 - Lehigh Valley 0
BOTTOM OF THE 6TH
Lehigh Valley IronPigs batting - Pitching for Durham Bulls : LHP Alan Ames
Batting: RHB Bo McCall 0-0: Swinging Strike
0-1: Ball
1-1: Foul Ball, location: 2F
1-2: Ball
2-2: SINGLE (Groundball, 13S, EV 65.6 MPH) (infield hit)
Batting: RHB Kawsen Al-Sadat 0-0: Foul Ball, location: 9LSF
0-1: Called Strike
Bo McCall is caught stealing 2nd base 2-4
0-2: Ground out 6-3 (Groundball, 6, EV 108.1 MPH)
Batting: LHB Don Ross 0-0: Called Strike
0-1: Fly out, F9 (Flyball, 9, EV 88.1 MPH)
Bottom of the 6th over - 0 runs, 1 hit, 0 errors, 0 left on base; Durham 3 - Lehigh Valley 0
TOP OF THE 7TH
Durham Bulls batting - Pitching for Lehigh Valley IronPigs : RHP Jon Jones
Batting: LHB Juan Salas 0-0: Called Strike
0-1: Ball
1-1: Ground out U3 (Groundball, 3, EV 80.0 MPH)
Batting: SHB Jeremiah Taylor 0-0: Called Strike
0-1: Ground out 4-3 (Groundball, 34D, EV 103.8 MPH)
Batting: RHB Tony Rincón 0-0: Called Strike
0-1: Ball
1-1: Ball
2-1: Foul Ball, location: 2F
2-2: Ball
3-2: Foul Ball, location: 25F
3-2: Fly out, F8 (Flyball, 8RXD, EV 105.6 MPH)
Top of the 7th over - 0 runs, 0 hits, 0 errors, 0 left on base; Durham 3 - Lehigh Valley 0
BOTTOM OF THE 7TH
Lehigh Valley IronPigs batting - Pitching for Durham Bulls : LHP Alan Ames
Batting: LHB Pepe González 0-0: Ball
1-0: Fly out, F8 (Flyball, 78M, EV 90.0 MPH)
Batting: LHB José Velasco 0-0: Called Strike
0-1: Ball
1-1: Foul Ball, location: 7LMF
1-2: Ground out U3 (Groundball, 3, EV 82.5 MPH)
Batting: RHB José Valdéz 0-0: Ball
1-0: Ball
2-0: Called Strike
2-1: Ball
3-1: Called Strike
3-2: Ground out 6-3 (Groundball, 4MS, EV 66.9 MPH)
Bottom of the 7th over - 0 runs, 0 hits, 0 errors, 0 left on base; Durham 3 - Lehigh Valley 0
TOP OF THE 8TH
Durham Bulls batting - Pitching for Lehigh Valley IronPigs : RHP Jon Jones
Pitching: RHP Butch Willis
Batting: RHB Cristián Baudillo 0-0: Called Strike
0-1: Called Strike
0-2: Ball
1-2: Ball
2-2: Ball
3-2: Foul Ball, location: 2F
3-2: Base on Balls
Batting: LHB Jon Moore 0-0: Ball
Cristián Baudillo steals 2nd base
1-0: Foul Ball, location: 5FF
1-1: Called Strike
1-2: Ball
2-2: Fly out, F5 (Popup, 5SF, EV 66.3 MPH)
Batting: SHB Walt Howell 0-0: Ball
1-0: Called Strike
1-1: Foul Ball, location: 23F
1-2: Ball
2-2: Foul Ball, location: 5F
2-2: Foul Ball, location: 3DF
2-2: Ball
3-2: Foul Ball, location: 25FF
3-2: Strikes out swinging
Batting: LHB Heriberto Mellane 0-0: Called Strike
0-1: Ball
1-1: SINGLE (Groundball, 4MD, EV 95.0 MPH)
Cristián Baudillo to third
Runner from 3rd tries for Home, SAFE, throw by CF to home
Batting: LHB Ron Johns 0-0: Fielders Choice at 2nd, 6-4 (Groundball, 6, EV 81.3 MPH)
Top of the 8th over - 1 run, 1 hit, 0 errors, 1 left on base; Durham 4 - Lehigh Valley 0
BOTTOM OF THE 8TH
Lehigh Valley IronPigs batting - Pitching for Durham Bulls : LHP Alan Ames
Batting: LHB Tim Thomas 0-0: Called Strike
0-1: Ball
1-1: Ball
2-1: Foul Ball, location: 3DF
2-2: Ball
3-2: Foul Ball, location: 23FF
3-2: Fly out, F9 (Flyball, 9S, EV 79.4 MPH)
Batting: SHB Phil Wagner 0-0: Ground out 5-3 (Groundball, 56S, EV 79.4 MPH)
Batting: RHB Ben Jamison 0-0: SINGLE (Groundball, 34D, EV 95.6 MPH)
Batting: RHB Bo McCall 0-0: SINGLE (Groundball, 3D, EV 108.1 MPH)
Ben Jamison to second
Runner from 2nd tries for 3rd, SAFE, throw by RF made at trailing runner, OUT! 9-6
Bottom of the 8th over - 0 runs, 2 hits, 0 errors, 1 left on base; Durham 4 - Lehigh Valley 0
TOP OF THE 9TH
Durham Bulls batting - Pitching for Lehigh Valley IronPigs : RHP Butch Willis
Batting: RHB Chris Adams 0-0: Ball
1-0: Ball
2-0: Called Strike
2-1: Foul Ball, location: 2F
2-2: Foul Ball, location: 5FF
2-2: Foul Ball, location: 2RF
2-2: Strikes out swinging
Batting: LHB Juan Salas 0-0: Swinging Strike
0-1: Ball
1-1: Called Strike
1-2: Foul Ball, location: 2F
1-2: Strikes out swinging
Batting: SHB Jeremiah Taylor 0-0: Called Strike
0-1: Ball
1-1: Ball
2-1: Foul Ball, location: 7LDF
2-2: Strikes out swinging
Top of the 9th over - 0 runs, 0 hits, 0 errors, 0 left on base; Durham 4 - Lehigh Valley 0
BOTTOM OF THE 9TH
Lehigh Valley IronPigs batting - Pitching for Durham Bulls : LHP Alan Ames
Batting: RHB Kawsen Al-Sadat 0-0: DOUBLE (Flyball, 8RXD, EV 111.9 MPH)
Batting: LHB Don Ross 0-0: Called Strike
0-1: Ball
1-1: Ball
2-1: Called Strike
2-2: SINGLE (Groundball, 4M, EV 110.0 MPH) (infield hit)
Kawsen Al-Sadat to third
Pitching: RHP Bob MacKinley
Batting: LHB Pepe González 0-0: Called Strike
0-1: Ball
1-1: Ball
2-1: Swinging Strike
2-2: Ball
3-2: Strikes out looking
Batting: LHB José Velasco 0-0: Fly out, F7 (Flyball, 7D, EV 111.3 MPH)
Runner from 3rd tags up, SCORES, no throw by LF
Batting: RHB José Valdéz 0-0: Fielders Choice at 2nd, 6-4 (Groundball, 6, EV 96.3 MPH)
Bottom of the 9th over - 1 run, 2 hits, 0 errors, 1 left on base; Durham 4 - Lehigh Valley 1
Wednesday, May 1st , 2024 - OOTP Baseball 24.10 Build 82